Map: Prion Terraces

Players

MrPörfekt - Winner!

  • Race: Zerg Zerg
  • League: Master

Miszu

  • Race: Terran Terran
  • League: Master

VOD

Have the link to the VOD?

Description

Time

  • Played on: March 28, 2016, 3:47 p.m.
  • Length: 4:31
Show
View Real Time Build Order
Export as new Build Order

MrPörfekt Zerg - Winner!

Build Orders: Hatch First, Zergling Baneling 

Get SALT Encoding   

  12  0:01  Drone  
  13  0:11  Drone  
  14  0:33  Hatchery  
  13  0:37  Drone  
  14  0:43  Extractor  
  14  0:44  Drone  
  14  0:48  Extractor  
  14  0:49  Drone  
  14  0:55  Overlord  
  16  1:11  Spawning Pool  
  15  1:13  Extractor  
  15  1:14  Drone  
  15  1:17  Drone  
  16  1:25  Drone  
  17  1:30  Drone  
  18  1:42  Overlord  
  18  1:57  Queen  
  18  1:58  Queen  
  18  2:00  Zergling x2  
  23  2:03  Zergling x2  
  23  2:07  Drone  
  25  2:09  Drone  
  26  2:17  Metabolic Boost  
  26  2:20  Drone  
  26  2:21  Drone  
  28  2:24  Drone  
  28  2:27  Drone  
  30  2:30  Drone  
  31  2:39  Overlord  
  31  2:41  Queen  
  33  2:45  Overlord  
  33  2:54  Zergling x4  
  33  2:56  Spine Crawler  
  34  3:01  Baneling Nest  
  34  3:02  Zergling x4  
  36  3:08  Zergling x2  
  37  3:13  Zergling x4  
  37  3:14  Zergling x8  
  43  3:20  Zergling x4  
  43  3:26  Overlord  
  45  3:39  Zergling x4  
  47  3:42  Overlord  
  47  3:45  Baneling x7  
  47  3:52  Baneling  
  47  3:54  Zergling x12  
  53  3:58  Zergling x2  
  49  4:13  Baneling x2  
Show
View Real Time Build Order
Export as new Build Order

Miszu Terran 

Build Orders: Reaper Expand 

Get SALT Encoding   

  12  0:00  SCV  
  13  0:13  SCV  
  14  0:17  Supply Depot  
  14  0:25  SCV  
  15  0:38  SCV  
  15  0:40  Barracks  
  16  0:44  Refinery  
  16  0:50  SCV  
  17  1:03  SCV  
  18  1:15  SCV  
  19  1:27  Orbital Command  
  19  1:32  Reaper  
  20  1:40  Command Center  
  20  1:46  Supply Depot  
  20  1:52  SCV  
  21  1:55  Refinery  
  21  2:04  SCV  
  22  2:09  Factory  
  22  2:16  SCV  
  22  2:20  Barracks Reactor  
  23  2:28  SCV  
  24  2:41  SCV  
  25  2:49  Command Center  
  25  2:53  SCV  
  27  3:01  Starport  
  27  3:05  SCV  
  27  3:06  Orbital Command  
  27  3:13  Factory Tech Lab  
  27  3:17  SCV  
  27  3:19  Marine x2  
  30  3:25  Bunker  
  30  3:29  SCV  
  31  3:37  Supply Depot  
  31  3:38  Supply Depot  
  31  3:42  SCV x2  
  33  3:54  SCV x2  
  35  3:56  Factory Tech Lab  
  34  4:03  Bunker  
  34  4:06  Marine x2, SCV  
  34  4:10  Bunker  
  34  4:15  Engineering Bay  
Tags
 
Add a new tag
Caveats
  • Supply blocks, unpowered buildings, or Contaminate may cause inaccurate times.
  • Supply counts are checked every 10 seconds.